 Dungeon Crawl Stone Soup version 0.27.1-3-gb3d3a73c9e (webtiles) character file.

Game seed: 5004217460323545375

81 styxcanada the Sneak (level 4, -5/20 HPs)
             Began as a Spriggan Brigand on Oct 31, 2021.
             Slain by Grinder (7 damage)
             ... on level 3 of the Dungeon.
             The game lasted 00:06:55 (3229 turns).

styxcanada the Sneak (Spriggan Brigand)             Turns: 3229, Time: 00:06:56

Health: -5/20      AC:  4    Str:  6 (7)  XL:     4   Next: 20%
Magic:  5/5        EV: 17    Int:  8 (10) God:
Gold:   37         SH:  0    Dex: 14 (17) Spells: 3/3 levels left

rFire    . . .     SeeInvis +   a - +2 dagger
rCold    . . .     Faith    .   (shield restricted)
rNeg     . . .     Spirit   .   b - +0 robe
rPois    .         Reflect  .   (helmet restricted)
rElec    .         Harm     .   c - +1 cloak
rCorr    .         Rampage  .   (gloves unavailable)
Will     .....                  (boots unavailable)
Stlth    ++++......             (no amulet)
HPRegen  0.06/turn              (no ring)
MPRegen  0.09/turn              (no ring)

@: attractive, very quick
A: very small, no large weapons, unfitting armour, see invisible, speed 3, dopey
1, frail 1
a: no special abilities


You were on level 3 of the Dungeon.
You visited 1 branch of the dungeon, and saw 3 of its levels.

You collected 37 gold pieces.

Inventory:

Hand Weapons
 a - a +2 dagger (weapon)
 f - a +0 hunting sling
Missiles
 d - 3 poisoned darts (quivered)
 e - 2 curare-tipped darts
 k - 16 sling bullets
 s - 6 boomerangs
Armour
 b - a +0 robe (worn)
 c - a +1 cloak (worn)
Wands
 l - a wand of flame (24)
Scrolls
 i - 2 scrolls of enchant armour
 j - 4 scrolls of identify {unknown}
 r - a scroll of teleportation {unknown}
Potions
 m - a potion of attraction
 o - a potion of flight {unknown}
 p - a potion of lignification {unknown}
 q - a potion of heal wounds {unknown}


   Skills:
 * Level 1.8 Fighting
 + Level 2.8 Short Blades
 + Level 2.0 Throwing
 * Level 2.6 Dodging
 * Level 7.5 Stealth
 * Level 0.5 Evocations


You had 3 spell levels left.
You didn't know any spells.
Your spell library was empty.

Dungeon Overview and Level Annotations

Branches:
Dungeon (3/15)

Altars:
Xom

Annotations:
D:3 Grinder


Innate Abilities, Weirdness & Mutations

You are very small and have problems with some larger weapons.
You are too small for most types of armour.
You have supernaturally acute eyesight. (SInv)
You cover ground extremely quickly. (Speed+++)
You are dopey. (Int -2)
You are frail. (-10% HP)


Message History

Aim: Grinder (lightly wounded, poisoned, 57% to hit)
You throw a poisoned dart.
The poisoned dart barely misses Grinder.
Grinder closely misses you.
Throw: 4 darts (poison)
Press: ? - help, Q - select action, (/) - cycle Shift-Dir - straight line, f/p - Grinder
Aim: Grinder (lightly wounded, poisoned, 57% to hit)
You throw a poisoned dart. The poisoned dart hits Grinder.
Grinder is lightly wounded.
Grinder misses you.
It was a potion of degeneration.
There was something very wrong with that liquid.
You feel weakened.
You feel dopey.
You feel clumsy. Grinder gestures at you.
You struggle to resist.
It was a potion of curing.
You feel better. Grinder gestures at you. Pain shoots through your body!
You hit Grinder.
Grinder is moderately wounded.
Grinder gestures at you. You resist with some effort.
You hit Grinder but do no damage.
Grinder is moderately wounded.
Grinder gestures at you.
You suddenly lose the ability to move!
Grinder looks more healthy.
Grinder hits you.
You writhe in agony.
Grinder hits you.
Grinder says, "Mostly I couldn't keep them alive."
Grinder blinks!
Grinder hits you!
* * * LOW HITPOINT WARNING * * *
You can move again.
It was a potion of attraction.
You feel attractive to monsters. Grinder closely misses you.
It was a potion of mutation.
You feel extremely strange.
You feel frail.
You feel stupid. Grinder hits you!
You die...

# ### ##..
########### #####..#
#.........# #.......
#........!#
##.#.####
#......<..# #..#.#
#(...(@5..## #.##.#
#.......>..# ##.##.#
#..........###.....#
##########.......###
#.......#....#
#.###...####.# #
#..#.# .# #.##.>. #
#..####.#


You could see Grinder.

Vanquished Creatures
  An adder (D:2)
  An ufetubus (D:2)
  4 dart slugs
  An orc (D:2)
  3 endoplasms (D:1)
  2 giant cockroaches
  5 goblins
  3 hobgoblins
  9 jackals
  5 kobolds
  A quokka (D:1)
  6 ball pythons
  7 bats
  A frilled lizard (D:1)
  3 rats
52 creatures vanquished.

Notes
Turn   | Place    | Note
-------+----------+-------------------------------------------
     0 | D:1      | styxcanada the Spriggan Brigand began the quest for the
                  | Orb.
     0 | D:1      | Reached XP level 1. HP: 10/10 MP: 2/2
    30 | D:1      | Reached skill level 6 in Stealth
   264 | D:1      | Reached XP level 2. HP: 14/14 MP: 3/3
   415 | D:1      | You fall into a shaft and drop 1 floor!
  1278 | D:1      | Reached XP level 3. HP: 18/18 MP: 4/4
  1292 | D:1      | Reached skill level 7 in Stealth
  2010 | D:2      | Found a shimmering altar of Xom.
  2312 | D:2      | Found a faded altar of an unknown god.
  2547 | D:2      | Reached XP level 4. HP: 23/23 MP: 5/5
  3202 | D:3      | Noticed Grinder
  3220 | D:3      | Paralysed by Grinder for 7 turns
  3229 | D:3      | Gained mutation: You are frail. (-10% HP) [potion of
                  | mutation]
  3229 | D:3      | Gained mutation: You are dopey. (Int -2) [potion of
                  | mutation]
  3229 | D:3      | Slain by Grinder

Illustrated notes

Levels and vault maps discovered:
D:1:      minmay_arrival_diagonal_passages, layout_basic
D:2:      minmay_angry_zag, layout_loops_cross, basic_altar,
          shapermc_ecumenical_altar_gd
D:3:      kennysheep_six_static_rooms, layout_rooms, wad_woods_river_04,
          uniq_grinder

Skill      XL: |  1  2  3 |
---------------+----------+-----
Stealth        | 6 7 |  7.5
Dodging        | 2 |  2.6
Fighting       | |  1.8
Short Blades   | |  2.8
Throwing       | |  2.0
Evocations     | |  0.5

Action                   |  1- 3 |  4- 6 || total
-------------------------+-------+-------++-------
Melee: Dagger            |   145 |    29 ||   174
Throw: Dart              |     1 |     8 ||     9
  Use: Scroll            |     1 |       ||     1
       Potion            |       |     4 ||     4
 Stab: Sleeping          |    12 |     2 ||    14
Armor: Robe              |    22 |     3 ||    25
Dodge: Dodged            |   115 |    20 ||   135
